AoeStats
← Prenzel03049

Arena

510127191Analyzed
2v2 RM · 4d ago on Sep 29, 2026· 56m 58s· 4 players
Game mode
Random Map
Map size
Medium (4 player)
Population
200
Speed
Normal
Resources
Standard
Victory
Conquest
Starting age
Dark Age
Ending age
Imperial Age
RankedLock teamsTeams togetherTeam positionsShared explorationLock speedFull tech treeHidden civsTurbo modeCheats
Victory
Defeat
🇨🇱 Portuguese · Chile
1175
+16
🇨🇱 Cumans · Chile
1145
+17
🇺🇸 Danes · United States
1187
-17
🇩🇪 Mongols · Germany
1163
-16
MigueMigue
11:28 Feudal Age
15:26 Castle Age
14:14 Double-Bit Axe
15:05 Gold Mining
16:46 Loom
19:21 Horse Collar
28:16 Imperial Age
26:25 Pikeman
31:07 Scale Mail Armor
32:45 Conscription
33:02 Chain Mail Armor
35:38 Chemistry
35:26 Halberdier
36:45 Forging
37:44 Plate Mail Armor
37:35 Bow Saw
38:54 Arquebus
39:22 Arson
40:15 Iron Casting
46:28 Blast Furnace
47:07 Elite Organ Gun
48:48 Siege Engineers
48:54 Fortified Wall
Nico
12:10 Feudal Age
13:56 Loom
16:24 Castle Age
14:39 Double-Bit Axe
29:02 Imperial Age
28:41 Fletching
28:52 Padded Archer Armor
29:16 Ballistics
30:30 Bodkin Arrow
30:51 Leather Archer Armor
32:02 Conscription
32:05 Bloodlines
39:42 Elite Kipchak
47:11 Steppe Husbandry
49:04 Elite Steppe Lancer
50:16 Ring Archer Armor
49:51 Scale Barding Armor
49:57 Forging
50:11 Light Cavalry
51:35 Hussar
Prenzel03049
11:38 Feudal Age
15:22 Castle Age
13:26 Horse Collar
14:20 Double-Bit Axe
15:28 Gold Mining
19:47 Loom
19:49 Town Watch
23:03 Stone Mining
24:08 Bloodlines
24:38 Heavy Plow
26:39 Stone Shaft Mining
31:27 Imperial Age
29:25 Husbandry
30:56 Wheelbarrow
30:52 Scale Barding Armor
32:00 Ballistics
32:34 Gold Shaft Mining
32:57 Chain Barding Armor
32:48 Forging
32:50 Elite Steppe Lancer
34:46 Chain Barding Armor
34:37 Forging
36:49 Bow Saw
37:02 Squires
37:14 Man-at-Arms
38:37 Iron Casting
38:05 Scale Mail Armor
38:39 Long Swordsman
39:19 Heavy Scorpion
39:30 Two-Handed Swordsman
40:59 Onager
41:10 Champion
44:21 Blast Furnace
43:37 Chain Mail Armor
43:40 Caravan
47:08 Chemistry
47:31 Conscription
50:55 Drill
52:05 Onager
53:41 Light Cavalry
Classixx
10:49 Feudal Age
11:41 Double-Bit Axe
11:53 Horse Collar
14:27 Castle Age
13:12 Gold Mining
15:33 Bow Saw
15:58 Loom
18:48 Fervor
20:25 Redemption
23:22 Man-at-Arms
23:49 Gambesons
25:28 Wheelbarrow
24:39 Town Watch
25:46 Heavy Plow
29:11 Imperial Age
27:07 Squires
27:30 Scale Mail Armor
28:44 Chain Mail Armor
28:39 Forging
28:08 Long Swordsman
29:07 Arson
29:26 Two-Handed Swordsman
31:33 Conscription
31:48 Champion
32:54 Elite Skirmisher
33:46 Padded Archer Armor
33:37 Fletching
35:49 Leather Archer Armor
35:29 Bodkin Arrow
35:57 Thumb Ring
36:37 Hand Cart
37:29 Plate Mail Armor
37:02 Bracer
38:39 Chemistry
38:09 Ballistics
39:11 Iron Casting
39:49 Masonry
43:10 Blast Furnace
42:24 Hamask
44:15 Siege Engineers
45:40 Ring Archer Armor
45:38 Elite Varangian Guard
47:09 Murder Holes
46:53 Northmen's Fury
48:11 Hoardings
49:01 Onager
50:33 Siege Onager
53:23 Pikeman
Connection lost

Rejoining the realm…

Still unreachable

The connection could not be restored.

Session expired

The server has moved on; the page needs a fresh start.